 Seeded DCSS version 0.30.1-3-gfc49f6343a (webtiles) character file.

Game seed: 2721630427306117087 (custom seed)

18351 OTABOTABOTAB the Destroyer (level 12, 71/71 HPs)
             Began as a Deep Elf Conjurer on July 17, 2023.
             Was a Priest of Vehumet.
             Quit the game on level 1 of the Lair of Beasts on July 29, 2023.
             The game lasted 00:24:55 (13318 turns).

OTABOTABOTAB the Destroyer (Deep Elf Conjurer)     Turns: 13318, Time: 00:24:55

Health: 71/71      AC:  7    Str:  4      XL:     12   Next: 26%
Magic:  31/31      EV: 16    Int: 28 (29) God:    Vehumet [***...]
Gold:   781        SH:  0    Dex: 12 (13) Spells: 26/37 levels left

rFire   . . .        q - staff of conjuration
rCold   . . .        (no shield)
rNeg    . . .        A - +1 robe {Archmagi}
rPois   .            t - +0 helmet
rElec   .            n - +0 cloak
rCorr   .            k - +0 pair of gloves
SInv    .            r - +0 pair of boots
Will    +....        u - amulet of regeneration
Stlth   ++           Z - ring of wizardry {Wiz+, !d}
HPRegen 1.11/turn    (no ring)
MPRegen 0.22/turn

%: wizardry (x1), archmagi
@: no status effects
A: no striking features
a: Renounce Religion


You were on level 1 of the Lair of Beasts.
You worshipped Vehumet.
Vehumet was most pleased with you.
You visited 2 branches of the dungeon, and saw 12 of its levels.

You collected 781 gold pieces.

Inventory:

Hand Weapons
 m - a +4 short sword
   (You found it on level 2 of the Dungeon)
Missiles
 a - 2 curare-tipped darts
 c - 25 poisoned darts
 e - 10 boomerangs
 s - 101 stones
 v - 12 atropa-tipped darts
Armour
 k - a +0 pair of gloves (worn)
   (You found it on level 6 of the Dungeon)
 l - an orb of energy
   (You found it on level 5 of the Dungeon)
 n - a +0 cloak (worn)
   (You found it on level 3 of the Dungeon)
 r - a +0 pair of boots (worn)
   (You found it on level 1 of the Dungeon)
 t - a +0 helmet (worn)
   (You found it on level 11 of the Dungeon)
 A - a +1 robe of the Archmagi (worn)
   (You took it off a wight on level 7 of the Dungeon)
Magical Staves
 i - a staff of fire {rF+}
   (You found it on level 9 of the Dungeon)
 q - a staff of conjuration (weapon)
   (You took it off an orc on level 5 of the Dungeon)
Jewellery
 u - an amulet of regeneration (around neck)
   (You took it off an orc on level 5 of the Dungeon)
 Z - a ring of wizardry (left hand) {Wiz+, !d}
   (You took it off an orc priest on level 4 of the Dungeon)
Wands
 h - a wand of acid (14)
   (You took it off an orc on level 4 of the Dungeon)
 j - a wand of polymorph (11)
   (You found it on level 6 of the Dungeon)
 p - a wand of paralysis (25)
   (You found it on level 6 of the Dungeon)
 y - a wand of mindburst (20)
   (You found it on level 3 of the Dungeon)
Scrolls
 d - 2 scrolls of poison {unknown}
 x - 2 scrolls of brand weapon {unknown}
 z - a scroll of torment {unknown}
 E - a scroll of fear
 X - a scroll of magic mapping {@r4!r}
 Y - a scroll of teleportation {@r3}
Potions
 b - a potion of ambrosia {unknown}
 f - 2 potions of might
 g - 2 potions of cancellation
 o - a potion of degeneration {!q}
 w - a potion of attraction {unknown}
 B - 3 potions of brilliance
 C - a potion of invisibility {unknown}
 J - 3 potions of curing {@q1}
 L - 3 potions of flight
 M - 4 potions of magic
 N - 6 potions of heal wounds {@q2}
 P - 2 potions of lignification {!q}
 U - 4 potions of mutation {!q}


   Skills:
 + Level 6.9 Fighting
 + Level 10.3 Dodging
 - Level 2.4 Stealth
 + Level 13.4 Spellcasting
 + Level 13.5 Conjurations
 - Level 5.0 Hexes
 - Level 5.0 Translocations


You had 26 spell levels left.
You knew the following spells:

 Your Spells              Type           Power      Damage    Failure   Level
a - Magic Dart            Conj           100%       1d8       0%          1
b - Searing Ray           Conj           100%       2d8       0%          2
c - Fulminant Prism       Conj/Hex       51%        3d22      1%          4
x - Iskenderun's Mystic   Conj/Tloc      100%       2d19      1%          4

Your spell library contained the following spells:

 Spells                   Type           Power      Damage    Failure   Level
 Frozen Ramparts          Ice            56%        1d9       1%          3
 Call Imp                 Summ           56%        N/A       1%          2
 Poisonous Vapours        Pois/Air       56%        N/A       1%          2
 Dazzling Flash           Conj/Hex       100%       N/A       1%          3
 Mephitic Cloud           Conj/Pois/Air  78%        N/A       1%          3


Dungeon Overview and Level Annotations

Branches:
Dungeon (11/15)            Temple (0/1) D:6            Lair (1/5) D:11
    Orc: D:9-12

Altars:
Ashenzari
Dithmenos
Fedhas
Kikubaaqudgha
Okawaru
Qazlal
Ru
Sif Muna
Trog
Vehumet
Wu Jian
Zin

Annotations:
D:5 2 runed translucent doors, FallenXxXSky's ghost, weakling DEDe
D:9 1 runed translucent door, Nicksm's ghost, journeyman GnFi


Message History

Keep disrobing? [Y]es or [N]o only, please.
Keep disrobing? [Y]es or [N]o only, please.
Keep disrobing? [Y]es or [N]o only, please.
Keep disrobing? [Y]es or [N]o only, please.
Keep disrobing? [Y]es or [N]o only, please.
Keep disrobing? [Y]es or [N]o only, please.
Keep disrobing? [Y]es or [N]o only, please.
Keep disrobing? [Y]es or [N]o only, please.
Keep disrobing? [Y]es or [N]o only, please.
Keep disrobing? [Y]es or [N]o only, please.
Keep disrobing? [Y]es or [N]o only, please.
Keep disrobing? [Y]es or [N]o only, please.
Keep disrobing? [Y]es or [N]o only, please.
Keep disrobing? [Y]es or [N]o only, please.
Keep disrobing? [Y]es or [N]o only, please.
Keep disrobing?
You stop removing your armour.
Press: ? - help, Dir - move target You feel a strong surge of power!
You conjure a prism of explosive energy!
A fulminant prism comes into view.
You now have 24/31 mp.
Your fulminant prism crackles loudly.
The crimson imp puffs mist at you.
The crimson imp blinks!
The kobold demonologist gestures wildly while chanting.
The crimson imp blinks!
The blast of energy engulfs the ufetubus!!
You kill the ufetubus!
The ufetubus disappears in a puff of smoke!
The blast of energy engulfs the crimson imp!!
You kill the crimson imp!
The crimson imp disappears in a puff of smoke!
The blast of energy engulfs the kobold demonologist!!!
You kill the kobold demonologist!
Vehumet accepts your kill.
The crimson imp disappears in a puff of smoke!
You start resting.
MP restored: 31
Things that are here:
a +1 dagger of pain; a +0 robe; a kobold corpse
N - 6 potions of heal wounds {@q2} (gained 1)
d - 2 scrolls labelled FIPIGOENUAL (gained 1)
There is an open door here.
There is an open door, spattered with blood here.
There is an open door here.
You enter the shallow water.
Moving in this stuff is going to be slow.
There is an open door here.
You open the door.
There is an open door here.
There is an open door here.
You open the door.
There is an open door here.
There is an open door here.
There is an open door here.
You open the door.
There is an open door here.
Done exploring.
Done exploring.
Done exploring.
Done exploring.
Saving game... please wait.
Bad channel name 'Jiyva says' for runrest: 'Jiyva says: Divide and consume' Welcome back, OTABOTABOTAB the Deep Elf Conjurer.
Game seed: 2721630427306117087 (custom seed) Vehumet says: Let it end in hellfire!
Okay, then.
Done exploring.
Done exploring.
Done exploring.
(D) Dungeon (T) Temple (L) Lair
Where to? (? - help)
What level of the Lair of Beasts? (default 1, ? - help)
You open the door.
There is an open door here.
There is an open door here.
There is an open door here.
There is a staircase to the Lair here.
You climb downwards.
Welcome to the Lair of Beasts!
There is a staircase back to the Dungeon here.
Okay, then.
Okay, then.
You now have 781 gold pieces (gained 8).
A wolf comes into view.

#######
##...<.##
##.......#
##........#
#.@.##....#
#......##....##
###..##....###
### ...## ...
..## ... .h..


You could see a wolf (asleep).

Vanquished Creatures
  2 centaur warriors (D:8)
  5 two-headed ogres
  A death yak (D:8)
  Amaemon (D:9)
  An ugly thing (D:8)
  3 cyclopes
  An orange demon (D:9)
  A kobold demonologist (D:11)
  A polar bear (D:8)
  A troll (D:11)
  Prince Ribbit (D:7)
  3 wyverns (D:11)
  21 yaks
  A shadow (D:11)
  A wraith (D:9)
  An unseen horror simulacrum (D:8)
  A water elemental (D:11)
  5 steam dragons
  3 basilisks (D:11)
  Edmund (D:4)
  An acid dragon (D:11)
  6 water moccasins
  2 orc warriors
  3 ice beasts
  4 sky beasts
  4 black bears
  3 centaurs
  3 ogres
  2 wolves (D:8)
  3 kobold brigands
  A phantom (D:5)
  4 bullfrogs
  2 gnoll sergeants
  A scorpion (D:6)
  13 wights
  2 electric eels
  10 howler monkeys
  Crazy Yiuf (D:4)
  4 orc priests
  3 hounds
  Jessica (D:2)
  2 iguanas
  3 orc wizards
  2 sleepcaps
  Terence (D:3)
  A centaur simulacrum (D:8)
  10 gnolls
  14 adders
  3 shadow imps
  7 white imps
  2 ufetubi
  2 dart slugs (D:4)
  25 orcs
  7 endoplasms
  2 giant cockroaches
  6 goblins
  9 hobgoblins
  18 kobolds
  2 quokkas (D:1)
  7 ball pythons
  6 bats
  2 frilled lizards (D:3)
  5 rats
264 creatures vanquished.

Vanquished Creatures (others)
  An endoplasm (D:4)
  86 fulminant prisms
87 creatures vanquished.

Grand Total: 351 creatures vanquished

Notes
Turn   | Place    | Note
-------+----------+-------------------------------------------
     0 | D:1      | OTABOTABOTAB the Deep Elf Conjurer began the quest for the
                  | Orb.
     0 | D:1      | Reached XP level 1. HP: 10/10 MP: 6/6
   235 | D:1      | Reached XP level 2. HP: 15/15 MP: 5/8
   238 | D:1      | Learned a level 2 spell: Searing Ray
   622 | D:1      | Reached skill level 5 in Conjurations
   691 | D:2      | Reached XP level 3. HP: 19/19 MP: 6/10
   733 | D:2      | Noticed Jessica
   736 | D:2      | Killed Jessica
   737 | D:2      | Reached skill level 4 in Spellcasting
   790 | D:2      | Identified the +1 ring mail of the Forsaken Artists
                  | {Rampage +Blink rC++ Dex-4}
  1062 | D:2      | Reached XP level 4. HP: 24/24 MP: 4/12
  1492 | D:3      | Noticed Terence
  1498 | D:3      | Killed Terence
  1499 | D:3      | Reached skill level 6 in Conjurations
  1499 | D:3      | Found an ancient bone altar of Kikubaaqudgha.
  1605 | D:2      | Learned a level 4 spell: Fulminant Prism
  1610 | D:2      | Learned a level 4 spell: Iskenderun's Mystic Blast
  1652 | D:3      | Reached XP level 5. HP: 28/28 MP: 3/14
  1850 | D:3      | Reached skill level 1 in Hexes
  2189 | D:3      | Reached skill level 1 in Translocations
  2387 | D:3      | Reached skill level 5 in Spellcasting
  2804 | D:3      | Found a sacrificial altar of Ru.
  2840 | D:4      | Noticed an ogre
  2845 | D:4      | Killed an ogre
  2846 | D:4      | Reached skill level 2 in Hexes
  2846 | D:4      | Reached XP level 6. HP: 32/32 MP: 7/15
  2946 | D:4      | Reached skill level 7 in Conjurations
  2946 | D:4      | Reached skill level 2 in Translocations
  3157 | D:4      | Reached skill level 3 in Hexes
  3173 | D:4      | Reached XP level 7. HP: 36/36 MP: 6/17
  3288 | D:4      | HP: 4/36 [orc/bolt of acid (18)]
  3536 | D:4      | Found a radiant altar of Vehumet.
  3662 | D:4      | Noticed Edmund
  3697 | D:4      | Killed Edmund
  3698 | D:4      | Reached skill level 6 in Spellcasting
  3698 | D:4      | Reached skill level 3 in Translocations
  3865 | D:4      | Found a broken altar of Ashenzari.
  3879 | D:4      | Found a blossoming altar of Fedhas.
  4057 | D:4      | Found a runed translucent door.
  4058 | D:4      | Noticed Crazy Yiuf
  4370 | D:4      | Killed Crazy Yiuf
  4371 | D:4      | Reached skill level 8 in Conjurations
  4531 | D:4      | Became a worshipper of Vehumet
  4713 | D:5      | Entered Level 5 of the Dungeon
  4872 | D:5      | Reached skill level 4 in Hexes
  4992 | D:5      | Found a bloodstained altar of Trog.
  5003 | D:5      | Found a shimmering blue altar of Sif Muna.
  5007 | D:5      | Got Sif Muna's Anthology of Feathers
  5054 | D:5      | Reached XP level 8. HP: 41/41 MP: 11/19
  5287 | D:5      | Found a large runed translucent door.
  5287 | D:5      | Found a large runed translucent door.
  5288 | D:5      | Noticed FallenXxXSky's ghost (weakling DEDe)
  5336 | D:5      | Reached skill level 4 in Translocations
  5498 | D:5      | Reached skill level 7 in Spellcasting
  5498 | D:5      | Reached skill level 5 in Hexes
  5616 | D:5      | Reached skill level 9 in Conjurations
  5832 | D:5      | Reached skill level 5 in Translocations
  6011 | D:5      | Found a stormy altar of Qazlal.
  6021 | D:5      | Reached skill level 8 in Spellcasting
  6021 | D:5      | Reached skill level 10 in Conjurations
  6021 | D:5      | Reached XP level 9. HP: 45/45 MP: 14/23
  6420 | D:6      | Found a shadowy altar of Dithmenos.
  6894 | D:6      | Reached skill level 1 in Fighting
  6894 | D:6      | Reached skill level 3 in Dodging
  7140 | D:6      | Found a staircase to the Ecumenical Temple.
  7430 | D:7      | Found an iron altar of Okawaru.
  7680 | D:7      | Reached skill level 2 in Fighting
  7680 | D:7      | Reached skill level 4 in Dodging
  7685 | D:7      | Reached skill level 9 in Spellcasting
  7691 | D:7      | Reached * piety under Vehumet
  7691 | D:7      | Offered knowledge of Shock by Vehumet.
  7820 | D:7      | Noticed Prince Ribbit
  7827 | D:7      | Killed Prince Ribbit
  7832 | D:7      | Reached skill level 5 in Dodging
  8033 | D:7      | Reached skill level 11 in Conjurations
  8043 | D:7      | Reached skill level 3 in Fighting
  8183 | D:7      | Reached XP level 10. HP: 36/56 MP: 9/25
  8648 | D:8      | Noticed a brown ugly thing
  8648 | D:8      | Noticed a centaur warrior
  8652 | D:8      | Noticed a cyclops
  8654 | D:8      | Noticed a centaur warrior
  8656 | D:8      | Killed a centaur warrior
  8657 | D:8      | Reached skill level 10 in Spellcasting
  8662 | D:8      | HP: 13/56 [centaur warrior/arrow (15)]
  8799 | D:8      | Reached skill level 6 in Dodging
  8883 | D:8      | Reached skill level 4 in Fighting
  8894 | D:8      | HP: 10/56 [centaur/arrow (7)]
  8894 | D:8      | HP: 1/56 [centaur/arrow (9)]
  9012 | D:8      | Noticed a death yak
  9022 | D:8      | Killed a death yak
  9023 | D:8      | Reached skill level 7 in Dodging
  9023 | D:8      | Reached skill level 11 in Spellcasting
  9194 | D:8      | Reached skill level 12 in Conjurations
  9458 | D:8      | Found an ornate altar of the Wu Jian Council.
  9492 | D:8      | Reached ** piety under Vehumet
  9668 | D:8      | Offered knowledge of Static Discharge by Vehumet.
  9903 | D:8      | Found a glowing silver altar of Zin.
  9951 | D:8      | Reached XP level 11. HP: 62/62 MP: 10/28
  9975 | D:8      | Reached skill level 5 in Fighting
 10093 | D:8      | Killed a centaur warrior
 10094 | D:8      | Reached skill level 8 in Dodging
 10171 | D:8      | Killed a brown ugly thing
 10506 | D:9      | Noticed Amaemon
 10511 | D:9      | Killed Amaemon
 10620 | D:9      | Noticed a two-headed ogre
 10624 | D:9      | Killed a two-headed ogre
 10625 | D:9      | Reached skill level 12 in Spellcasting
 10656 | D:9      | Found a runed translucent door.
 10656 | D:9      | Noticed Nicksm's ghost (journeyman GnFi)
 10815 | D:9      | Noticed a two-headed ogre
 10820 | D:9      | Killed a two-headed ogre
 10948 | D:9      | Noticed a two-headed ogre
 10955 | D:9      | HP: 13/64 [two-headed ogre/+0 giant spiked club (20)]
 10957 | D:9      | Killed a two-headed ogre
 11043 | D:9      | Reached skill level 9 in Dodging
 11117 | D:9      | Offered knowledge of Hailstorm by Vehumet.
 11219 | D:9      | Noticed a two-headed ogre
 11223 | D:9      | Killed a two-headed ogre
 11224 | D:9      | Reached skill level 6 in Fighting
 11402 | D:9      | Reached skill level 13 in Conjurations
 11695 | D:10     | Entered Level 10 of the Dungeon
 11733 | D:10     | You fall into a shaft and drop 1 floor!
 11753 | D:11     | Reached *** piety under Vehumet
 11772 | D:11     | Reached skill level 13 in Spellcasting
 11777 | D:11     | Reached XP level 12. HP: 71/71 MP: 2/31
 11906 | D:11     | Reached skill level 10 in Dodging
 12086 | D:11     | Found a staircase to the Lair.
 12107 | D:11     | Offered knowledge of Frozen Ramparts by Vehumet.
 12376 | D:11     | Found a blossoming altar of Fedhas.
 12537 | D:11     | Noticed a two-headed ogre
 12544 | D:11     | Killed a two-headed ogre
 13279 | D:11     | Upgraded the game from 0.30.1-1-g62c8e00024 to
                  | 0.30.1-3-gfc49f6343a
 13309 | Lair:1   | Entered Level 1 of the Lair of Beasts
 13318 | Lair:1   | Quit the game

Illustrated notes

Levels and vault maps discovered:
D:1:      dpeg_arrival_tiny_g, layout_rooms
D:2:      layout_loops_ring, uniq_jessica
D:3:      minmay_chambers_of_threes, layout_rooms, nicolae_ru_path_of_blood,
          nicolae_kikubaaqudgha_miasma_corner, uniq_terence
D:4:      layout_rooms, fiery_altar_vehumet, gammafunk_temple_overflow_wave,
          uniq_edmund, uniq_crazy_yiuf_cottage
D:5:      layout_loops_ring, nzn_overflow_gifts_of_might_and_magic,
          nicolae_qazlal_beasts_of_the_sky, ebering_ghost_disaster_area
D:6:      layout_basic, amcnicky_altar_gilded, minmay_temple_entry_waves
D:7:      cheibrodos_steamvent, layout_cave_pools, mainiacjoe_overflow_catwalk,
          uniq_prince_ribbit1
D:8:      minmay_bloctagon_deflated, layout_loops_ring,
          pdpol_wu_jian_five_deadly_venoms, mainiacjoe_overflow_surrounded_room,
          serial_ice, serial_ice_a, serial_ice_c, serial_ice_n, serial_ice_j,
          serial_ice_f, serial_ice_d
D:9:      layout_roguey, hellmonk_ghost_big_iron, uniq_amaemon
D:10:     layout_grid_maze, grunt_temple_overflow_holy_war,
          grunt_temple_overflow_opulence, minmay_misc_feat_roman,
          minmay_tree_intersection
D:11:     minmay_spotlight, layout_stronghold, minmay_lair_entry_grove,
          serial_bayou, serial_bayou_lagoon_a, serial_bayou_shore_b,
          serial_bayou_pond_d, serial_bayou_pond_d, fedhas_altar_1
Lair:1:   layout_layer_cave, grunt_megastairs_1

Skill      XL: |  1  2  3  4  5  6  7  8  9 10 11 12 |
---------------+-------------------------------------+-----
Conjurations   | 5 6 7 8 10 11 12 13 | 13.5
Spellcasting   | 4 5 6 8 9 11 13 | 13.4
Hexes          | 2 3 4 5 |  5.0
Translocations | 1 2 3 5 |  5.0
Fighting       | 3 4 6 |  6.9
Dodging        | 5 7 9 10 | 10.3
Stealth        | |  2.4

Action                     |  1- 3 |  4- 6 |  7- 9 | 10-12 || total
---------------------------+-------+-------+-------+-------++-------
  Melee: Dagger            |     4 |       |       |       ||     4
         Short sword       |       |     8 |       |       ||     8
         Punch             |       |     1 |       |       ||     1
         Staff             |       |       |     4 |    11 ||    15
   Cast: Magic Dart        |    37 |    81 |   113 |   115 ||   346
         Searing Ray       |     1 |    14 |    23 |    12 ||    50
         Fulminant Prism   |       |     4 |    26 |    56 ||    86
         Iskenderun's Myst |       |     1 |    28 |    61 ||    90
    Use: Scroll            |       |     3 |    12 |     4 ||    19
         Potion            |       |       |       |     3 ||     3
 Armour: Robe              |     1 |     8 |     4 |    16 ||    29
  Dodge: Dodged            |     2 |    15 |    25 |    50 ||    92

Levels and vault maps discovered:
D:1:      dpeg_arrival_tiny_g, layout_rooms
D:2:      layout_loops_ring, uniq_jessica
D:3:      minmay_chambers_of_threes, layout_rooms, nicolae_ru_path_of_blood,
          nicolae_kikubaaqudgha_miasma_corner, uniq_terence
D:4:      layout_rooms, fiery_altar_vehumet, gammafunk_temple_overflow_wave,
          uniq_edmund, uniq_crazy_yiuf_cottage
D:5:      layout_loops_ring, nzn_overflow_gifts_of_might_and_magic,
          nicolae_qazlal_beasts_of_the_sky, ebering_ghost_disaster_area
D:6:      layout_basic, amcnicky_altar_gilded, minmay_temple_entry_waves
D:7:      cheibrodos_steamvent, layout_cave_pools, mainiacjoe_overflow_catwalk,
          uniq_prince_ribbit1
D:8:      minmay_bloctagon_deflated, layout_loops_ring,
          pdpol_wu_jian_five_deadly_venoms, mainiacjoe_overflow_surrounded_room,
          serial_ice, serial_ice_a, serial_ice_c, serial_ice_n, serial_ice_j,
          serial_ice_f, serial_ice_d
D:9:      layout_roguey, hellmonk_ghost_big_iron, uniq_amaemon
D:10:     layout_grid_maze, grunt_temple_overflow_holy_war,
          grunt_temple_overflow_opulence, minmay_misc_feat_roman,
          minmay_tree_intersection
D:11:     minmay_spotlight, layout_stronghold, minmay_lair_entry_grove,
          serial_bayou, serial_bayou_lagoon_a, serial_bayou_shore_b,
          serial_bayou_pond_d, serial_bayou_pond_d, fedhas_altar_1
Lair:1:   layout_layer_cave, grunt_megastairs_1

Table legend: (Time is in decaauts)
 A = Elapsed time spent in this place.
 B = Non-inter-level travel time spent in this place.
 C = Inter-level travel time spent in this place.
 D = Time resting spent in this place.
 E = Time spent auto-exploring this place.
 F = Levels seen in this place.
 G = Mean time per level.
                   A        B        C        D        E       F      G
               +--------+--------+--------+--------+--------+-----+--------+
         Total |  13354 |  13054 |    300 |   3188 |   8229 |  12 | 1112.8 |
       Dungeon |  13345 |  13046 |    299 |   3188 |   8222 |  11 | 1213.2 |
          Lair |      8 |      8 |      0 |      0 |      7 |   1 |    8.0 |
               +--------+--------+--------+--------+--------+-----+--------+

Top non-repeatable levels by time:
     D:5: 1639 daAuts
     D:3: 1610 daAuts
    D:11: 1594 daAuts
     D:8: 1558 daAuts
     D:4: 1508 daAuts
     D:6: 1459 daAuts
     D:9: 1252 daAuts
     D:7: 1083 daAuts
     D:2: 944 daAuts
     D:1: 657 daAuts
    D:10: 37 daAuts
  Lair:1: 8 daAuts

Table legend:
 A = Kills in this place as a percentage of kills in the entire game.
 B = Kills by you in this place as a percentage of kills by you in the entire game.
 C = Kills by friends in this place as a percentage of kills by friends in the entire game.
 D = Other kills in this place as a percentage of other kills in the entire game.
 E = Experience gained in this place as a percentage of experience gained in the entire game.
 F = Experience gained in this place divided by the number of levels of this place that you have seen.
                   A       B       C       D       E      F
               +-------+-------+-------+-------+-------+----------------------
         Total | 100.0 | 100.0 |   N/A |   N/A | 100.0 | 2184.8
       Dungeon | 100.0 | 100.0 |   N/A |   N/A | 100.0 | 2383.4
               +-------+-------+-------+-------+-------+----------------------
